cohdb
Replays
Latest Replays
All Replays
Popular Replays
Top Player Replays
Match Explorer
How It Works
Community
CoH3 Stats
Reddit
Sign in to upload your games and track your stats! →
Sign in with Steam
Match 33616875
Unlisted
Match 33616875
Overview
Messages
Build Orders
End
Construct Barracks
Selects Airborne Battlegroup
Selects Heavy Machine Gun Paradrop
Heavy Machine Gun Paradrop
Riflemen Squad
Riflemen Squad
Grenade Package
Riflemen Squad
Selects Paratrooper Squad Paradrop
Paratrooper Squad Paradrop
Construct Medical Station
Mechanized Support Center
Paratrooper Squad Paradrop
Paratrooper Squad Paradrop
Selects Recon Loiter
Selects Supply Drop
Construct Tank Depot
Supply Drop
M4A1 Sherman Medium Tank
M4A1 76mm Conversion
Improvised Armor
Engineer Squad
Engineer Squad
Supply Drop
Selects Carpet Bombing Run
Carpet Bombing Run
Carpet Bombing Run
Goeth.cl
Butcher
matrix4x4
SlRankSlayer
Brick_Johnson
OLt. Otto Carius
THE CAPN
Skorzeny
0
0
Comments
sign in to comment!
No comments posted yet!